 Dungeon Crawl Stone Soup version 0.30.0-5-g1a98f26d00 (webtiles) character file.

Game seed: 8971054666890758245

1005 KamiKatze the Chopper (level 8, -1/45 HPs)
             Began as a Gargoyle Berserker on May 8, 2023.
             Was a Believer of Trog.
             Slain by Prince Ribbit (11 damage)
             ... on level 5 of the Dungeon.
             The game lasted 00:09:21 (2955 turns).

KamiKatze the Chopper (Gargoyle Berserker)          Turns: 2955, Time: 00:09:22

Health: -1/45      AC: 16    Str: 22 (23) XL:     8   Next: 20%
Magic:  8/8        EV: 10    Int:  6 (8)  God:    Trog [**....]
Gold:   218        SH:  0    Dex:  8 (9)  Spells: 7/7 levels left

rFire   . . .        a - +0 hand axe
rCold   . . .        (no shield)
rNeg    + . .        k - +0 scale mail
rPois   ∞            s - +0 helmet
rElec   +            o - +0 cloak
rCorr   .            (no gloves)
SInv    .            y - +1 pair of boots
Will    ++...        (no amulet) Stlth
                     (no ring)
HPRegen 1.27/turn    (no ring)
MPRegen 0.11/turn

%: no passive effects
@: strong-willed, on berserk cooldown, regenerating, slowed, invisible, very
slow
A: sickness immunity, AC +5, negative energy resistance 1, electricity
resistance, torment resistance 1, petrification resistance, frail 1
a: Renounce Religion, Berserk, Trog's Hand


You were on level 5 of the Dungeon.
You worshipped Trog.
Trog was pleased with you.
You visited 1 branch of the dungeon, and saw 5 of its levels.

You collected 218 gold pieces.

Inventory:

Hand Weapons
 a - a +0 hand axe (weapon)
 d - a +0 flail
Missiles
 c - 5 poisoned darts (quivered)
Armour
 k - a +0 scale mail (worn)
 o - a +0 cloak (worn)
 q - a +0 plate armour
 s - a +0 helmet (worn)
 y - a +1 pair of boots (worn)
Wands
 w - a wand of roots (20)
 C - a wand of digging (4)
Scrolls
 b - a scroll of vulnerability {unknown}
 e - a scroll of teleportation {unknown}
 f - 3 scrolls of poison {unknown}
 g - 2 scrolls of fear {unknown}
 j - 4 scrolls of immolation {unknown}
 t - 3 scrolls of identify {unknown}
 u - a scroll of butterflies {unknown}
 x - 2 scrolls of magic mapping {unknown}
 A - a scroll of enchant armour {unknown}
Potions
 h - a potion of degeneration
 i - a potion of might {unknown}
 l - a potion of haste {unknown}
 m - a potion of mutation
 p - a potion of attraction {unknown}
 r - a potion of resistance {unknown}
 v - 2 potions of brilliance {unknown}
 z - a potion of heal wounds {unknown}


   Skills:
 + Level 6.1 Fighting
 * Level 6.7 Axes
 - Level 2.0 Throwing
 - Level 3.0 Armour
 - Level 2.0 Dodging
 - Level 2.0 Evocations


You had 7 spell levels left.
You didn't know any spells.
Your spell library was empty.

Dungeon Overview and Level Annotations

Branches:
Dungeon (5/15)
 Temple: D:4-7

Altars:

Annotations:
D:5 Prince Ribbit


Innate Abilities, Weirdness & Mutations

You are immune to sickness and miasma.
Your stone body is resilient. (AC +5)
You are immune to poison.
You resist negative energy. (rN+)
You are resistant to electric shocks. (rElec)
You are resistant to unholy torment.
You are immune to petrification.
You are frail. (-10% HP)


Message History

Prince Ribbit blinks!
Prince Ribbit blinks!
Your skin stops crawling.
You feel less strong-willed. Prince Ribbit closely misses you.
Prince Ribbit attacks as you move away! Prince Ribbit hits you!
* * * LOW HITPOINT WARNING * * *
Prince Ribbit lets out a mournful croak.
Prince Ribbit misses you.
Your skin crawls.
You feel strong-willed.
Prince Ribbit blinks!
You hit Prince Ribbit.
Prince Ribbit is moderately wounded.
Prince Ribbit hits you.
* * * LOW HITPOINT WARNING * * *
Prince Ribbit hits you!
* * * LOW HITPOINT WARNING * * *
Unknown command.
It was a potion of degeneration.
There was something very wrong with that liquid.
You feel weakened.
You feel dopey.
You feel clumsy.
Prince Ribbit croaks regally.
Prince Ribbit hits you.
* * * LOW HITPOINT WARNING * * *
Prince Ribbit hits you but does no damage.
It was a potion of mutation.
You feel extremely strange.
You feel frail. Prince Ribbit barely misses you.
Prince Ribbit hits you but does no damage.
You miss Prince Ribbit.
Prince Ribbit is moderately wounded.
Prince Ribbit barely misses you. Prince Ribbit completely misses you.
Prince Ribbit hits you but does no damage.
Unknown command.
It was a potion of invisibility.
You fade into invisibility!
Prince Ribbit hits you but does no damage.
Prince Ribbit closely misses you. Prince Ribbit hits you!
You die...

#............#
#.##
##.###..######
#.# #(# #..# #.#
#.# #..# #.# #.#
#..# #.#
#.###..# #.#
#...#..# #.#
#.##
######.#..#####
#.# #..>
#........@F....#
#.# ###.
#.#####.######.#
#.####### #.#
#.# #.##.....
#.# #.#
#.##)#### #.#
#.# #.##.# #.#
#.###.##.# #.#
#.......)####
#.#
#####...).<..
#.#
###########.####


You could see Prince Ribbit (unable to see you).

Vanquished Creatures
  Sigmund (D:2)
  A water moccasin (D:5)
  2 ogres
  A phantom (D:5)
  2 scorpions (D:5)
  2 orc priests (D:5)
  3 hounds
  3 iguanas
  2 orc wizards (D:5)
  2 adders
  A shadow imp (D:4)
  A white imp (D:5)
  2 worms
  2 dart slugs
  8 orcs
  7 ball pythons
  10 endoplasms
  2 giant cockroaches (D:1)
  8 goblins
  4 hobgoblins
  3 jackals (D:3)
  5 kobolds
  5 quokkas
  2 bats
  A frilled lizard (D:1)
  11 rats
91 creatures vanquished.

Notes
Turn   | Place    | Note
-------+----------+-------------------------------------------
     0 | D:1      | KamiKatze the Gargoyle Berserker began the quest for the
                  | Orb.
     0 | D:1      | Reached XP level 1. HP: 14/14 MP: 1/1
   121 | D:1      | Reached XP level 2. HP: 19/19 MP: 2/2
   700 | D:2      | Identified the staff of cold "Celochekk" {rC+ rCorr Str+3
                  | Int-3}
   757 | D:2      | Reached XP level 3. HP: 22/23 MP: 3/3
   989 | D:2      | Reached ** piety under Trog
  1042 | D:2      | Noticed Sigmund
  1051 | D:2      | Killed Sigmund
  1052 | D:2      | Reached skill level 1 in Throwing
  1052 | D:2      | Reached skill level 1 in Evocations
  1052 | D:2      | Reached XP level 4. HP: 29/29 MP: 4/4
  1052 | D:2      | Reached XP level 5. HP: 33/33 MP: 5/5
  1412 | D:3      | Reached XP level 6. HP: 20/38 MP: 6/6
  2193 | D:4      | Reached XP level 7. HP: 43/44 MP: 7/7
  2298 | D:5      | Entered Level 5 of the Dungeon
  2324 | D:5      | Reached skill level 5 in Axes
  2328 | D:5      | Reached skill level 5 in Fighting
  2718 | D:5      | Reached XP level 8. HP: 44/51 MP: 8/8
  2905 | D:5      | Noticed Prince Ribbit
  2951 | D:5      | HP: 2/51 [Prince Ribbit (5)]
  2952 | D:5      | Gained mutation: You are frail. (-10% HP) [potion of
                  | mutation]
  2955 | D:5      | Slain by Prince Ribbit

Illustrated notes

Levels and vault maps discovered:
D:1:      dpeg_arrival_ratfight, layout_basic, minmay_pentomino_q2
D:2:      layout_loops_ring, corexii_shack, minmay_stone_trees_small,
          st_stairs_9, uniq_sigmund
D:3:      layout_basic
D:4:      layout_rooms
D:5:      layout_loops_ring, uniq_prince_ribbit1

Skill      XL: |  1  2  3  4  5  6  7  8 |
---------------+-------------------------+-----
Axes           | 3 4 6 |  6.7
Throwing       | 1 2 |  2.0
Armour         | 3 |  3.0
Dodging        | 2 |  2.0
Evocations     | 1 2 |  2.0
Fighting       | 4 5 6 |  6.1

Action                     |  1- 3 |  4- 6 |  7- 9 || total
---------------------------+-------+-------+-------++-------
  Melee: Hand axe          |   100 |   153 |   149 ||   402
         Punch             |     1 |       |     2 ||     3
  Throw: Dart              |       |     4 |     2 ||     6
 Invoke: Berserk           |     3 |     2 |     3 ||     8
         Trog's Hand       |       |       |     3 ||     3
    Use: Potion            |       |       |     5 ||     5
 Armour: Animal skin       |     8 |       |       ||     8
         Leather armour    |    15 |       |       ||    15
         Scale mail        |    24 |    72 |    74 ||   170
  Dodge: Dodged            |    52 |    72 |    73 ||   197
